 Dungeon Crawl Stone Soup version 0.20-a0-871-g785f14b (webtiles) character file.

104 JeffiDaFish the Digger (level 4, 0/25 HPs)
             Began as a Gargoyle Earth Elementalist on Mar 14, 2017.
             Slain by Robin
             ... wielding a +2 mace of protection
              (2 damage)
             ... on level 3 of the Dungeon.
             The game lasted 00:06:35 (2499 turns).

JeffiDaFish the Digger (GrEE)                       Turns: 2499, Time: 00:06:36

Health: 0/25       AC:  7    Str: 15 (17) XL:     4   Next: 80%
Magic:  0/8        EV: 12    Int: 14 (15) God:
Gold:   132        SH:  0    Dex:  9 (11) Spells: 4/8 levels left

rFire    . . .     SeeInvis .   a - +0 spear
rCold    . . .     Gourm    .   f - +1 leather armour
rNeg     + . .     Faith    .   (no shield)
rPois    ∞         Spirit   .   (no helmet)
rElec    +         Reflect  .   (no cloak)
rCorr    .         Harm     .   (no gloves)
MR       .....                  (no boots)
Stlth    ++........             (no amulet)
Regen    0.1/turn               (no ring)
MPRegen  0.2/turn               (no ring)

@: mighty
A: negative energy resistance 1, electricity resistance, unbreathing,
petrification resistance, rot immunity, AC +3
a: no special abilities


You were on level 3 of the Dungeon.
You were hungry.

You visited 1 branch of the dungeon, and saw 3 of its levels.

You collected 132 gold pieces.

Inventory:

Hand Weapons
 a - a +0 spear (weapon)
Missiles
 b - 80 stones (quivered)
Armour
 f - a +1 leather armour (worn)
 k - a cursed +0 leather armour
Scrolls
 h - a scroll of recharging
 j - a scroll of teleportation
Books
 e - a book of Geomancy

   Spells                             Type                      Level
   a - Sandblast                      Earth                        1
   b - Passwall                       Transmutation/Earth          2
   c - Stone Arrow                    Conjuration/Earth            3
   d - Petrify                        Transmutation/Earth          4
   e - Lee's Rapid Deconstruction     Earth                        5
Comestibles
 c - a meat ration
 d - 3 bread rations


   Skills:
 + Level 1.2 Fighting
 + Level 0.8 Polearms
 + Level 1.3 Armour
 + Level 1.9 Dodging
 + Level 2.6 Stealth
 + Level 0.4 Unarmed Combat
 + Level 2.7 Spellcasting
   Level 0.7 Transmutations
 + Level 4.3 Earth Magic


You had 4 spell levels left.
You knew the following spells:

 Your Spells              Type           Power        Failure   Level  Hunger
a - Sandblast             Erth           ##....       4%          1    #......
b - Stone Arrow           Conj/Erth      #.....       38%         3    ###....


Dungeon Overview and Level Annotations

Branches:
Dungeon (3/15)

Altars:

Annotations:
D:3 Robin


Innate Abilities, Weirdness & Mutations

You are resistant to torment.
Your stone body is resilient. (AC +3)
You are immune to poison.
You resist negative energy. (rN+)
You are resistant to electric shocks. (rElec)
You can survive without breathing.
You are immune to petrification.
You are immune to rotting.


Message History

The blast of sand hits Robin.
Robin is severely wounded.
b - 80 stones The goblin hits you.
* * * LOW HITPOINT WARNING * * *
You hit the goblin.
The goblin is severely wounded.
Robin roars a battlecry!
The goblins go into a battle-frenzy!
The goblin completely misses you.
You barely miss the goblin.
The goblin is severely wounded.
Robin closely misses you. The goblin misses you.
You feel very mighty all of a sudden. Robin barely misses you.
The goblin barely misses you.
You hit Robin.
Robin is severely wounded.
The goblin closely misses you.
Robin hits you with a mace of protection.
You die...

#.$..# #.(g.###
#....#..
#..(.#.#
#g(###.#
#..g.#)#
#....#.#
#...l#g########
#...gggg@g....#
#...##g######.#
#......#<.....#
....############
###... ###


You could see Robin, 2 hobgoblins, 4 goblins and a frilled lizard.

Vanquished Creatures
  3 adders (D:2)
  An ooze (D:2)
  A worm (D:2)
  3 giant cockroaches
  7 hobgoblins
  5 jackals (D:1)
  2 quokkas (D:2)
  7 bats
  3 frilled lizards
  16 goblins
  9 kobolds
  7 rats
64 creatures vanquished.

Notes
Turn   | Place    | Note
-------+----------+-------------------------------------------
     0 | D:1      | JeffiDaFish the Gargoyle Earth Elementalist began the quest for the Orb.
     0 | D:1      | Reached XP level 1. HP: 10/10 MP: 3/3
   157 | D:1      | Reached XP level 2. HP: 8/15 MP: 0/5
   339 | D:1      | Reached skill level 4 in Earth Magic
   732 | D:1      | Reached XP level 3. HP: 19/19 MP: 4/6
  1518 | D:2      | Reached XP level 4. HP: 18/24 MP: 4/8
  1696 | D:2      | Reached skill level 1 in Armour
  2270 | D:2      | Learned a level 3 spell: Stone Arrow
  2286 | D:2      | Reached skill level 1 in Fighting
  2455 | D:3      | Noticed Robin
  2495 | D:3      | HP: 1/25 [goblin[Robin] (2)]
  2499 | D:3      | Slain by Robin

Vault maps used:
D:1:      minmay_arrival_glassed_features
D:2:      first_bread
D:3:      chequers_temple_overflow_statue_of_worship, minmay_cupped, uniq_robin

Skill      XL: |  1  2  3  4 |
---------------+-------------+-----
Earth Magic    | 4 |  4.3
Armour         | 1 |  1.3
Fighting       | 1 |  1.2
Polearms       | |  0.8
Dodging        | |  1.9
Stealth        | |  2.6
Unarmed Combat | |  0.4
Spellcasting   | |  2.7
Transmutations | |  0.7

Action                   |  1- 3 |  4- 6 || total
-------------------------+-------+-------++-------
Melee: Unarmed           |    48 |       ||    48
       Dagger            |    14 |       ||    14
       Whip              |     2 |       ||     2
       Spear             |    46 |    95 ||   141
 Cast: Sandblast         |    38 |     5 ||    43
       Stone Arrow       |       |     3 ||     3
  Use: Scroll            |     3 |     4 ||     7
       Potion            |     5 |     1 ||     6
 Stab: Sleeping          |     2 |     3 ||     5
  Eat: Chunk             |     3 |     3 ||     6
Armor: Leather armour    |    47 |    36 ||    83
Dodge: Dodged            |    70 |    80 ||   150
